 Dungeon Crawl Stone Soup version 0.18.1-50-g88ac8fd (console) character file.

985 Kloppie the Spear-Bearer (level 8, -13/61 HPs)
             Began as a Merfolk Berserker on Oct 2, 2016.
             Was a Priest of Trog.
             Mangled by a yak (15 damage)
             ... on level 5 of the Dungeon.
             The game lasted 00:06:13 (3854 turns).

Kloppie the Spear-Bearer (Merfolk Berserker)        Turns: 3854, Time: 00:06:13

Health: -13/61     AC:  6    Str: 18    XL:     8   Next: 18%
Magic:  8/8        EV: 15    Int:  7    God:    Trog [***...]
Gold:   239        SH:  0    Dex: 14    Spells: 0 memorised, 7 levels left

rFire  . . .     SeeInvis .     b - +0 spear
rCold  . . .     Gourm    .     p - +0 ring mail
rNeg   . . .     Faith    .     (no shield)
rPois  .         Spirit   .     (no helmet)
rElec  .         Dismiss  .     (no cloak)
rCorr  .         Reflect  .     (no gloves)
SustAt .         Harm     .     v - +0 pair of boots
MR     ++...                    (no amulet)
Stlth  +.........               (no ring)
                                (no ring)

@: exhausted, regenerating, slowed, very slow, very resistant to hostile
enchantments, very unstealthy
A: change form in water, swift swim
a: Berserk, Trog's Hand, Burn Spellbooks, Renounce Religion


You were on level 5 of the Dungeon.
You worshipped Trog.
Trog was most pleased with you.
You were hungry.

You visited 1 branch of the dungeon, and saw 5 of its levels.

You collected 239 gold pieces.

Inventory:

Hand Weapons
 a - a +0 trident
 b - a +0 spear (weapon)
Armour
 p - a +0 ring mail (worn)
 v - a +0 pair of boots (worn)
Jewellery
 m - an uncursed amulet of regeneration {unknown}
 w - an uncursed ring of protection from cold {unknown}
Scrolls
 d - 10 scrolls of identify {unknown}
 e - a scroll of random uselessness {unknown}
 l - 3 scrolls of enchant armour {unknown}
 q - 2 scrolls of fear {unknown}
 r - a scroll of noise {unknown}
 s - 2 scrolls of fog {unknown}
 t - a scroll of recharging {unknown}
 u - 4 scrolls of remove curse {unknown}
Potions
 f - 2 potions of resistance {unknown}
 g - 3 potions of agility {unknown}
 h - a potion of curing {unknown}
 i - a potion of haste {unknown}
 k - a potion of cancellation {unknown}
 o - a potion of heal wounds {unknown}
 x - a potion of lignification {unknown}
Comestibles
 c - a bread ration
 j - 2 beef jerkies
 n - 4 fruits


   Skills:
 + Level 4.9 Fighting
 + Level 10.2 Polearms
 - Level 1.3 Armour
 - Level 7.7 Dodging


You had 7 spell levels left.
You didn't know any spells.

Dungeon Overview and Level Annotations

Branches:
Dungeon (5/15)
 Temple: D:4-7

Altars:
Dithmenos
Kikubaaqudgha
Makhleb
Pakellas
Trog
Xom

Shops:
D:5 }


Message History

You are too injured to fight recklessly!
Your skin crawls.
You feel resistant to hostile enchantments.
You feel slightly more hungry. The yak closely misses you.
Eat a chunk of flesh? (ye/n/q/i?) This raw flesh tastes terrible.
You are feeling hungry.
The orc priest miscasts a cantrip.
The yak gores you.
* * * LOW HITPOINT WARNING * * *
The yak gores you!
* * * LOW HITPOINT WARNING * * *
You continue eating.
The yak closely misses you.
You continue eating.
The yak gores you!
* * * LOW HITPOINT WARNING * * *
The orc wizard gestures wildly while chanting.
The orc wizard blinks!
The yak gores you!
You die...

#.. .. #.# .. ######.#
#......# ###.###.#
#.......#
#####÷##'##@##
##..#.##...##Y###
##.....#.._..#Y#o## #
##......##.∩.##Y...#
.##.......#######§Yo[#
.....................#
#........#####.......#
........## #........
........# #..........


You could see 4 yaks and an orc wizard.

Vanquished Creatures
  The ghost of Peloso the Shield-Bearer, a novice MiFi (D:5)
  The ghost of Drunkenshrew the Skirmisher, an amateur DrSk (D:3)
  2 ogres (D:4)
  A scorpion (D:4)
  A centaur zombie (D:5)
  An orc priest (D:3)
  An iguana (D:5)
  2 worker ants (D:4)
  8 adders
  4 gnolls (D:4)
  A worm (D:3)
  A dart slug (D:3)
  3 giant geckos
  6 orcs (D:3)
  2 giant cockroaches
  5 goblins
  6 hobgoblins
  5 jackals
  5 kobolds
  9 bats
  3 giant newts
  A jackal zombie (D:5)
  3 rats
72 creatures vanquished.

Notes
Turn   | Place    | Note
--------------------------------------------------------------
     0 | D:1      | Kloppie the Merfolk Berserker began the quest for the Orb.
     0 | D:1      | Reached XP level 1. HP: 18/18 MP: 1/1
   117 | D:1      | Reached XP level 2. HP: 22/24 MP: 2/2
   225 | D:1      | Reached skill level 5 in Polearms
   414 | D:2      | Reached ** piety under Trog
   414 | D:2      | Reached XP level 3. HP: 17/29 MP: 3/3
   738 | D:2      | Found a shadowy altar of Dithmenos.
   847 | D:2      | Found a bloodstained altar of Trog.
   879 | D:2      | Found a burning altar of Makhleb.
  1291 | D:3      | HP: 1/43 [adder (2)]
  1292 | D:3      | Reached XP level 4. HP: 1/35 MP: 4/4
  1552 | D:3      | Noticed Drunkenshrew's ghost (amateur DrSk)
  1584 | D:3      | Killed Drunkenshrew's ghost
  1584 | D:3      | Reached skill level 7 in Polearms
  1584 | D:3      | Reached skill level 5 in Dodging
  1584 | D:3      | Reached XP level 5. HP: 13/41 MP: 5/5
  1879 | D:3      | Reached XP level 6. HP: 47/47 MP: 6/6
  2530 | D:4      | Found an ancient bone altar of Kikubaaqudgha.
  2692 | D:4      | Reached skill level 8 in Polearms
  2946 | D:4      | Reached XP level 7. HP: 44/52 MP: 7/7
  3302 | D:4      | Reached *** piety under Trog
  3335 | D:4      | Reached skill level 9 in Polearms
  3543 | D:4      | Found a shimmering altar of Xom.
  3608 | D:5      | Entered Level 5 of the Dungeon
  3808 | D:5      | Found an oddly glowing altar of Pakellas.
  3808 | D:5      | Found Pakellas's Prime Provisions.
  3820 | D:5      | Noticed Peloso's ghost (novice MiFi)
  3820 | D:5      | Noticed a yak
  3820 | D:5      | Noticed a yak
  3821 | D:5      | Noticed a yak
  3823 | D:5      | Noticed a yak
  3849 | D:5      | Killed Peloso's ghost
  3849 | D:5      | Reached skill level 10 in Polearms
  3849 | D:5      | Reached XP level 8. HP: 47/61 MP: 8/8
  3854 | D:5      | HP: 2/61 [yak (10)]
  3854 | D:5      | Mangled by a yak

Skill      XL: |  1  2  3  4  5  6  7 |
---------------+----------------------+-----
Dodging        | 3 4 5 6 7 |  7.7
Polearms       | 5 7 8 10 | 10.2
Fighting       | 4 |  4.9
Armour         | |  1.3

Action                   |  1- 3 |  4- 6 |  7- 9 || total
-------------------------+-------+-------+-------++-------
Melee: Spear             |   153 |   182 |    96 ||   431
Invok: Berserk           |     2 |     4 |     2 ||     8
       Trog's Hand       |       |       |     1 ||     1
 Stab: Sleeping          |     2 |       |       ||     2
  Eat: Chunk             |     2 |     5 |     6 ||    13
       Bread ration      |       |     1 |       ||     1
Armor: Animal skin       |    14 |     1 |       ||    15
       Ring mail         |       |    24 |    10 ||    34
Dodge: Dodged            |    85 |    66 |    32 ||   183
